 Dungeon Crawl Stone Soup version 0.21-a0-426-g98080a9 (webtiles) character file.

1546 theanonym the Chopper (level 8, -2/63 HPs)
             Began as a Mummy Fighter on Nov 5, 2017.
             Was an Initiate of Gozag.
             Engulfed by a steam dragon's steam (6 damage)
             ... on level 6 of the Dungeon.
             The game lasted 00:18:54 (6472 turns).

theanonym the Chopper (Mummy Fighter)               Turns: 6472, Time: 00:18:55

Health: -2/63      AC: 15    Str: 22    XL:     8   Next: 57%
Magic:  8/8        EV:  5    Int:  7    God:    Gozag
Gold:   189        SH: 11    Dex: 11    Spells: 7/7 levels left

rFire    x . .     SeeInvis .   a - +1 war axe
rCold    + + .     Gourm    .   c - +1 shield
rNeg     + + +     Faith    .   h - +1 chain mail {rC+}
rPois    ∞         Spirit   .   g - +0 helmet
rElec    .         Reflect  .   i - +2 cloak
rCorr    .         Harm     .   (no gloves)
MR       +....                  (no boots)
Stlth    ..........             (no amulet)
HPRegen  0.20/turn              (no ring)
MPRegen  0.11/turn              (no ring)

@: no status effects
A: no food or potions, fire vulnerability, cold resistance 1, negative energy
resistance 3, torment resistance, unbreathing
a: Potion Petition, Call Merchant, Bribe Branch, Renounce Religion


You were on level 6 of the Dungeon.
You worshipped Gozag.
Gozag was aware of your devotion.
You were not hungry.

You visited 2 branches of the dungeon, and saw 7 of its levels.
You also visited: Sewer.

You collected 281 gold pieces.
You paid 92 gold pieces to Gozag.

Inventory:

Hand Weapons
 a - a +1 war axe (weapon)
 b - a +0 hunting sling
   (You found it on level 1 of the Dungeon)
Missiles
 e - 68 sling bullets
 l - 2 tomahawks (quivered)
Armour
 c - a +1 shield (worn)
 g - a +0 helmet (worn)
   (You took it off Robin on level 4 of the Dungeon)
 h - a +1 chain mail of cold resistance (worn)
   (You found it on level 2 of the Dungeon)
 i - a +2 cloak (worn)
   (You took it off Crazy Yiuf on level 4 of the Dungeon)
Scrolls
 d - 2 scrolls of teleportation {!r}
 f - a scroll of remove curse
 j - 2 scrolls of fog {unknown}
 k - 2 scrolls of amnesia {unknown}
 r - 4 scrolls of identify


   Skills:
 + Level 5.6 Fighting
 * Level 5.9 Axes
 + Level 4.6 Armour
 + Level 4.6 Shields


You had 7 spell levels left.
You didn't know any spells.

Dungeon Overview and Level Annotations

Branches:
Dungeon (6/15)             Temple (1/1) D:6

Altars:
Ashenzari
Cheibriados
Dithmenos
Fedhas
Gozag
Hepliaklqana
Nemelex Xobeh
Qazlal
Ru
Trog
Vehumet
Wu Jian
Yredelemnul
Zin

Annotations:
D:2 Pikel


Innate Abilities, Weirdness & Mutations

You do not eat or drink.
Your flesh is vulnerable to fire.
You are immune to poison.
Your flesh is cold resistant. (rC+)
You are immune to negative energy. (rN+++)
You are immune to unholy pain and torment.
You can survive without breathing.


Message History

An orc is nearby!
An orc is nearby!
An orc is nearby!
An orc is nearby!
An orc is nearby!
An orc is nearby!
You hit the orc. You block the orc's attack. x2
You slash the orc!
You kill the orc!
No target in view!
No target in view!
Things that are here:
a dagger; an orc corpse
Found a stormy altar of Qazlal.
Found a bloodstained altar of Trog.
Found a basalt altar of Yredelemnul.
Found a shattered altar of Ashenzari.
Health restored: 63
There is a shattered altar of Ashenzari here.
Found an ornate altar of the Wu Jian Council.
Found a shadowy altar of Dithmenos.
Found a glowing silver altar of Zin.
Done exploring.
Done exploring.
Done exploring.
Done exploring.
Done exploring.
Done exploring.
Search for what [Enter for "plate||broad axe", or ? for help]? goz
There is a staircase back to the Dungeon here.
You climb upwards.
Welcome back to the Dungeon!
There is a staircase to the Ecumenical Temple here.
There is an open door here.
There is an opulent altar of Gozag here.
You kneel at the altar of Gozag.
Gozag welcomes you!
You pay a service fee of 92 gold.
Gozag offers you a free set of potion effects!
Okay, then.
Okay, then.
A steam dragon comes into view.
The steam dragon hisses angrily.
You closely miss the steam dragon. You block the steam dragon's attack. x2
The steam dragon breathes steam at you. The ball of steam misses you.
You hit the steam dragon but do no damage.
You are engulfed in a cloud of scalding steam.
The steam dragon bites you but does no damage.
The steam dragon claws you.
You take 3 damage, and have 60/63 hp.
You barely miss the steam dragon.
You are engulfed in a cloud of scalding steam.
The steam dragon breathes steam at you. The ball of steam hits you!
The steam scalds you terribly!
You are too injured to fight recklessly!
You take 19 damage, and have 41/63 hp.
MASSIVE DAMAGE!!
You are too injured to fight recklessly!
You are too injured to fight recklessly!
You are too injured to fight recklessly!
Your chain mail prevents you from hitting the steam dragon.
The steam dragon bites you but does no damage.
The steam dragon claws you but does no damage.
The steam dragon barely misses you. You block the steam dragon's attack.
You slash the steam dragon! You block the steam dragon's attack. x2
You hit the steam dragon.
The steam dragon bites you but does no damage.
The steam dragon claws you but does no damage.
You slash the steam dragon! You block the steam dragon's attack. x2
You hit the steam dragon but do no damage.
The steam dragon barely misses you.
The steam dragon claws you but does no damage.
You closely miss the steam dragon.
The steam dragon bites you but does no damage.
The steam dragon claws you but does no damage.
The steam dragon breathes steam at you. The ball of steam hits you!
The steam scalds you terribly!
* * * LOW HITPOINT WARNING * * *
You take 13 damage, and have 29/63 hp.
MASSIVE DAMAGE!!
You slash the steam dragon!
You are engulfed in a cloud of scalding steam.
* * * LOW HITPOINT WARNING * * *
The steam dragon bites you.
* * * LOW HITPOINT WARNING * * *
You block the steam dragon's attack.
You take 6 damage, and have 23/63 hp.
You barely miss the steam dragon. The steam dragon bites you.
* * * LOW HITPOINT WARNING * * *
You block the steam dragon's attack.
You take 3 damage, and have 20/63 hp.
You hit the steam dragon. The steam dragon breathes steam at you.
The ball of steam hits you! The steam scalds you terribly!
* * * LOW HITPOINT WARNING * * *
You take 16 damage, and have 4/63 hp.
MASSIVE DAMAGE!!
Really read
m - a scroll of fear {!r}?
As you read the scroll of fear {!r}, it crumbles to dust.
You assume a fearsome visage.
The steam dragon looks frightened!
You are engulfed in a cloud of scalding steam.
You die...
Your body crumbles into a pile of gold.

.###...............
##........
......#####.##...#.
##.......
####.<####...##....
###....
###....##.....##... #....
#...##.#.......#.#.# ..#
#....
..####....._.....#..#..#
###.# ###
###.......####..#...
####..#
##.....##.D...##..##...>##
##...##.@# #........#
##.##..## #.§......#
#...§## #..§.....# ######
#.._..(..# #..§.....#
#....§...# #####.<..#
#....# ######


You could see a steam dragon (fleeing).

Vanquished Creatures
  Grinder (D:4)
  Edmund (D:4)
  4 slaves
  A sky beast (D:5)
  2 centaurs
  The ghost of Scuka the Digger, an amateur GrEE (D:3)
  A big kobold (Sewer)
  3 wights (D:6)
  A howler monkey (D:4)
  A hound (D:6)
  2 orc priests (D:6)
  Crazy Yiuf (D:4)
  3 orc wizards (D:6)
  Natasha (thrice) (D:3)
  4 worker ants
  2 hound zombies
  A hound skeleton (D:6)
  A mummy (D:6)
  Robin (D:4)
  4 adders
  3 river rats (Sewer)
  An ooze (D:4)
  3 worms
  3 dart slugs (D:2)
  8 leopard geckos
  13 orcs
  A ball python (D:4)
  8 bats
  11 giant cockroaches
  13 goblins
  12 hobgoblins
  24 jackals
  A quokka (D:4)
  10 frilled lizards
  7 kobolds
  2 quokka skeletons
  A quokka zombie (D:6)
  11 rats
170 creatures vanquished.

Notes
Turn   | Place    | Note
-------+----------+-------------------------------------------
     0 | D:1      | theanonym the Mummy Fighter began the quest for the Orb.
     0 | D:1      | Reached XP level 1. HP: 18/18 MP: 1/1
    77 | D:1      | Reached XP level 2. HP: 24/24 MP: 2/2
   174 | D:1      | Reached skill level 2 in Axes
   544 | D:1      | Reached XP level 3. HP: 28/29 MP: 3/3
  1163 | D:2      | Found a blossoming altar of Fedhas.
  1312 | D:2      | Found a faded altar of an unknown god.
  1407 | D:2      | Reached XP level 4. HP: 35/35 MP: 4/4
  1768 | D:3      | Found a sacrificial altar of Ru.
  1782 | D:3      | Noticed Scuka's ghost (amateur GrEE)
  1795 | D:3      | Noticed Natasha
  1834 | D:3      | Killed Natasha
  1834 | D:3      | Reached skill level 3 in Armour
  1841 | D:3      | Reached skill level 3 in Shields
  1897 | D:3      | Killed Scuka's ghost
  1897 | D:3      | Reached skill level 3 in Axes
  1897 | D:3      | Reached XP level 5. HP: 42/42 MP: 5/5
  2019 | D:3      | Noticed Natasha
  2025 | D:3      | Killed Natasha
  2180 | D:3      | Noticed Natasha
  2188 | D:3      | Killed Natasha
  2188 | D:3      | Reached skill level 4 in Fighting
  2422 | D:4      | Reached XP level 6. HP: 48/48 MP: 6/6
  2495 | D:4      | Noticed a slave
  2495 | D:4      | Noticed a slave
  2496 | D:4      | Noticed Pikel
  2501 | D:4      | Noticed a slave
  2960 | D:3      | Killed a slave
  3193 | D:4      | Killed a slave
  3653 | D:4      | Noticed Edmund
  3673 | D:4      | Killed Edmund
  3681 | D:4      | Reached skill level 4 in Axes
  3720 | D:4      | Noticed a slave
  3819 | D:4      | Noticed Robin
  3850 | D:4      | Killed Robin
  4040 | D:4      | Killed a slave
  4068 | D:4      | Killed a slave
  4191 | D:4      | Noticed Grinder
  4202 | D:4      | Paralysed by Grinder for 5 turns
  4208 | D:4      | Paralysed by Grinder for 5 turns
  4393 | D:4      | Found a runed door.
  4536 | D:4      | Paralysed by Grinder for 7 turns
  4562 | D:4      | Paralysed by Grinder for 5 turns
  4570 | D:4      | Killed Grinder
  4570 | D:4      | Reached XP level 7. HP: 39/55 MP: 7/7
  4656 | D:4      | Noticed Crazy Yiuf
  4666 | D:4      | Killed Crazy Yiuf
  4812 | D:5      | Entered Level 5 of the Dungeon
  4956 | D:5      | Reached skill level 4 in Armour
  4989 | D:5      | Reached skill level 4 in Shields
  5341 | D:5      | Found a glowing drain.
  5345 | Sewer    | Entered a sewer
  5354 | Sewer    | Reached skill level 5 in Axes
  5360 | Sewer    | Reached skill level 5 in Fighting
  5451 | Sewer    | Reached XP level 8. HP: 61/62 MP: 8/8
  5482 | Sewer    | Found a white marble altar of Elyvilon.
  5957 | D:6      | Found a radiant altar of Vehumet.
  5966 | D:6      | Found a snail-covered altar of Cheibriados.
  6198 | D:6      | Found an opulent altar of Gozag.
  6340 | D:6      | Found a staircase to the Ecumenical Temple.
  6346 | Temple   | Entered the Ecumenical Temple
  6450 | D:6      | Became a worshipper of Gozag Ym Sagoz the Greedy
  6471 | D:6      | HP: 4/63 [steam dragon/ball of steam (16)]
  6472 | D:6      | Engulfed by a steam dragon's steam

Vault maps used:
D:1:      onia_arrival_larder
D:2:      fedhas_altar_fruit_tree, chequers_ecumenical_altar_simple_redux,
          minmay_unequal
D:3:      nicolae_ru_sacrificial_ziggurat, uniq_natasha
D:4:      first_bread, st_stairs_6, nrook_mini_vaults, uniq_pikel, uniq_edmund,
          uniq_grinder, uniq_crazy_yiuf_cottage, uniq_robin
D:5:      gup_sewer_entry_spiral
D:6:      lemuel_round_altar, slow_altar_1, fiery_altar_vehumet, temple_green
Temple:   dpeg_three_leaves_temple
Sewer:    sewer_kobolds

Skill      XL: |  1  2  3  4  5  6  7 |
---------------+----------------------+-----
Axes           | 2 3 4 5 |  5.9
Armour         | 3 4 |  4.6
Shields        | 3 4 |  4.6
Fighting       | 4 5 |  5.6

Action                   |  1- 3 |  4- 6 |  7- 9 || total
-------------------------+-------+-------+-------++-------
Melee: War axe           |   172 |   390 |   243 ||   805
 Fire: Hunting sling     |       |     6 |       ||     6
Throw: Tomahawk          |       |     6 |     6 ||    12
  Use: Scroll            |     2 |     6 |     1 ||     9
Armor: Scale mail        |    84 |       |       ||    84
       Chain mail        |     4 |   201 |   131 ||   336
Dodge: Dodged            |    71 |    73 |    38 ||   182
Block: Shield            |    85 |   243 |   141 ||   469

Table legend:
 A = Spawn XP
 B = Non-spawn XP
 C = Spawn XP percentage of total XP
 D = Spawn monster count
 E = Non-spawn monster count
 F = Spawn count percentage of total count
 G = Total turns spent on level
                    A         B        C        D         E        F      G
               +---------+---------+-------+---------+---------+-------+---------
         Total |       0 |    2209 |   0.0 |       0 |     166 |   0.0 |  6472
               +---------+---------+-------+---------+---------+-------+---------
           D:1 |       0 |      54 |   0.0 |       0 |      31 |   0.0 |   863
           D:2 |       0 |      54 |   0.0 |       0 |      21 |   0.0 |   878
           D:3 |       0 |     271 |   0.0 |       0 |      31 |   0.0 |  1344
           D:4 |       0 |     645 |   0.0 |       0 |      27 |   0.0 |  1727
           D:5 |       0 |     373 |   0.0 |       0 |      17 |   0.0 |   971
           D:6 |       0 |     664 |   0.0 |       0 |      28 |   0.0 |   428
        Temple |       0 |       3 |   0.0 |       0 |       1 |   0.0 |    87
         Sewer |       0 |     145 |   0.0 |       0 |      10 |   0.0 |   174
               +---------+---------+-------+---------+---------+-------+---------
